 Dungeon Crawl Stone Soup version 0.32-a0-953-g508020473e (console) character file.

Game seed: 946342509123045605

5491 petzl the Thaumaturge (level 11, -2/81 HPs)
             Began as a Formicid Delver on Apr 16, 2024.
             Was an Initiate of Vehumet.
             Slain by a troll (11 damage)
             ... on level 9 of the Dungeon.
             The game lasted 00:48:45 (12625 turns).

petzl the Thaumaturge (Formicid Delver)            Turns: 12625, Time: 00:48:46

Health: -2/81      AC: 10    Str: 17    XL:     11   Next: 1%
Magic:  18/25      EV: 11    Int: 14    God:    Vehumet [......]
Gold:   774        SH:  0    Dex: 15    Spells: 22/30 levels left

rFire   . . .        a - +1 dagger (venom) {!f =f}
rCold   . . .        (no shield)
rNeg    . . .        e - +0 leather armour
rPois   +            (helmet unavailable)
rElec   .            t - +0 cloak
rCorr   .            (no gloves)
SInv    +            x - +0 pair of boots
Will    +....        v - amulet of the acrobat
Stlth   +++          S - +4 ring of slaying
HPRegen 0.33/turn    H - ring of poison resistance
MPRegen 0.19/turn

%: acrobat
@: ice-armoured, very slightly contaminated
A: permanent stasis, dig shafts and tunnels, antennae 3, four strong arms
a: Dig, Shaft Self, Renounce Religion


You were on level 9 of the Dungeon.
You worshipped Vehumet.
Vehumet was noncommittal.
You visited 2 branches of the dungeon, and saw 12 of its levels.
You also visited: Ossuary.

You collected 774 gold pieces.

Inventory:

Hand Weapons
 a - a +1 dagger of venom (weapon) {!f =f}
 b - a +0 orcbow of draining
 c - a +1 flail of protection
 d - the +1 long sword of Indomitability {flame, +Blink rPois}
   (You found it on level 5 of the Dungeon)

   rPois:     It protects you from poison.
   +Blink:    It lets you blink.
 h - a +0 shortbow
 u - a +1 dagger of freezing {!f =f}
 z - a +0 heavy shortbow
 G - a +0 heavy sling
 J - the +0 whip of Plog {spect, rF+ Will++}
   (You took it off an orc priest on level 7 of the Dungeon)

   rF+:       It protects you from fire.
   Will++:    It greatly increases your willpower.
 M - a +1 whip of freezing
 N - a +5 scimitar
Missiles
 B - 11 poisoned darts
Armour
 e - a +0 leather armour (worn)
 t - a +0 cloak (worn)
 x - a +0 pair of boots (worn)
 O - a +0 kite shield
Jewellery
 k - a ring of protection from cold
 v - an amulet of the acrobat (around neck)
 H - a ring of poison resistance (right hand)
 I - a +6 ring of strength
 L - a ring of magical power
 P - a +6 ring of dexterity
 S - a +4 ring of slaying (left hand)
Wands
 f - a wand of digging (1)
 l - a wand of warping (14)
 Q - a wand of flame (14)
Scrolls
 g - 2 scrolls of amnesia
 j - 2 scrolls of revelation
 n - 2 scrolls of butterflies
 o - 2 scrolls of poison
 p - a scroll of enchant weapon
 s - 3 scrolls of enchant armour
 y - 2 scrolls of immolation
 A - 3 scrolls of fear
 F - 2 scrolls of fog
Potions
 i - 7 potions of curing
 m - 3 potions of heal wounds {unknown}
 q - a potion of ambrosia {unknown}
 r - a potion of brilliance {unknown}
 w - 2 potions of mutation {unknown}
 C - a potion of cancellation {unknown}
 D - a potion of lignification {unknown}
 E - 2 potions of haste {unknown}
 K - 3 potions of might {unknown}
 R - 2 potions of berserk rage {unknown}


   Skills:
 - Level 6.0 Fighting
 - Level 2.1 Maces & Flails
 - Level 6.0 Ranged Weapons
 - Level 1.6 Armour
 - Level 2.5 Dodging
 - Level 6.1 Stealth
 - Level 1.9 Shields
 - Level 10.0 Spellcasting
 - Level 1.2 Conjurations
 + Level 3.6 Fire Magic
 - Level 6.0 Ice Magic
 - Level 1.1 Air Magic
 + Level 4.8 Alchemy


You had 22 spell levels left.
You knew the following spells:

 Your Spells              Type           Power      Damage    Failure   Level
b - Shock                 Conj/Air       40%        1d5       8%          1
s - Sticky Flame          Fire/Alch      18%        2d6       22%         4
A - Ozocubu's Armour      Ice            23%        N/A       3%          3

Your spell library contained the following spells:

 Spells                   Type           Power      Damage    Failure   Level
 Frozen Ramparts          Ice            46%        1d7       3%          3
 Slow                     Hex            28%        N/A       12%         1
 Momentum Strike          Conj/Tloc      16%        3d8       14%         2
 Lesser Beckoning         Tloc           14%        N/A       19%         2
 Inner Flame              Hex/Fire       12%        N/A       19%         3
 Confusing Touch          Hex            7%         N/A       36%         3
 Fugue of the Fallen      Necr           7%         N/A       36%         3
 Vampiric Draining        Necr           7%         2d6       36%         3
 Flame Wave               Conj/Fire      13%        2d6       41%         4
 Airstrike                Air            5%         2d(1-17)  61%         4
 Metabolic Englaciation   Hex/Ice        7%         N/A       69%         5
 Manifold Assault         Tloc           3%         N/A       100%        7
 Blink                    Tloc           Unusable   N/A       N/A         2
 Swiftness                Air            Unusable   N/A       N/A         3

Dungeon Overview and Level Annotations

Branches:
Dungeon (11/15)            Temple (1/1) D:6         Ossuary (visited)
   Lair: D:8-11         Orc: D:9-12

Altars:
Ashenzari
Cheibriados
Dithmenos
Elyvilon
Fedhas
Gozag
Hepliaklqana
Kikubaaqudgha
Makhleb
Nemelex Xobeh
Okawaru
Qazlal
Ru
Sif Muna
Trog
Uskayaw
Vehumet
Wu Jian
Xom
Yredelemnul
Zin
The Shining One

Portals:
Abyss: D:3

Annotations:
D:3 2 transporters, Sigmund; knightboat's ghost, amateur MDFE
D:7 1 runed translucent door, Crazy Yiuf
D:9 Amaemon
D:10 exclusion: upstairs


Innate Abilities, Weirdness & Mutations

You cannot be hasted, slowed, berserked, paralysed or teleported.
You can dig through walls and to a lower floor.
You have a pair of large antennae on your head. (SInv)
Your four strong arms can wield two-handed weapons with a shield.


Message History

The troll bites you! The troll closely misses you. The troll claws you.
Casting: Ozocubu's Armour (mildly dangerous; 3% risk of failure)
Confirm with . or Enter, or press ? or * to list all spells.
You don't know that spell.
Adjust (i)tems, (s)pells, or (a)bilities?
Adjust which spell? c - Sticky Flame Adjust to which letter? s - Sticky Flame
Casting: Ozocubu's Armour (mildly dangerous; 3% risk of failure)
Confirm with . or Enter, or press ? or * to list all spells.
Aiming: Sticky Flame (dangerous; 22% risk of failure)
Press: ? - help, Shift-Dir - straight line, f/p - troll
Aim: a troll (heavily wounded, extremely poisoned)
You miscast Sticky Flame.
You are very lightly contaminated with residual magic.
You are blasted with fire.
The troll barely misses you. The troll claws you but does no damage.
The troll claws you!
* * * LOW HITPOINT WARNING * * *
The heat melts your icy armour.
Unknown command.
Unknown command.
Unknown command.
Unknown command.
Unknown command.
Unknown command.
Unknown command.
Unknown command.
Unknown command.
Okay, then.
Unknown command.
Your icy armour will break if you move.
Continue?
Okay, then.
Unknown command.
Unknown command.
Okay, then.
You feel better. The troll bites you!
* * * LOW HITPOINT WARNING * * *
The troll claws you!
You die...

##########################
......T@..................
....####...##......#####..
. #.......##..#####..
#..^...............
#..................
......................
.....#################
#..##.# .... #........ #..
#.#......##........ ..
#.#. ....##........ { #..
#..##..####.. {
##{y##..##..####..
#...y..{..........
#.................
#.................
#....y.{{.........
#######+##########
####..............[
#..#..........?.).[


You could see a troll (very poisoned).

Vanquished Creatures
  Erica (D:8)
  12 yaks
  2 orc warriors
  3 sky beasts (D:7)
  2 ice beasts
  3 ogres
  6 centaurs
  A kobold brigand (D:7)
  2 phantoms (D:5)
  A gnoll sergeant (D:8)
  4 bullfrogs
  2 wights
  A killer bee (D:9)
  3 bombardier beetles
  7 howler monkeys
  3 orc priests
  A jelly (D:5)
  Terence (D:3)
  An iguana (D:4)
  6 orc wizards
  A statue (D:8)
  8 mummies (Ossuary)
  Robin (D:3)
  6 adders
  3 gnolls (D:8)
  2 shadow imps
  3 white imps
  2 ufetubi (D:7)
  32 orcs
  5 endoplasms
  14 goblins
  11 hobgoblins
  13 jackals
  9 kobolds
  7 quokkas
  5 ball pythons
  4 bats
  3 frilled lizards (D:2)
  2 gnoll zombies (Ossuary)
  A hobgoblin zombie (Ossuary)
  4 kobold zombies (Ossuary)
  An orc zombie (Ossuary)
  5 rats
204 creatures vanquished.

Vanquished Creatures (others)
  A spectral weapon (D:9)
1 creature vanquished.

Grand Total: 205 creatures vanquished

Notes
Turn   | Place    | Note
-------+----------+-------------------------------------------
     0 | D:5      | petzl the Formicid Delver began the quest for the Orb.
     0 | D:5      | Reached XP level 1. HP: 18/18 MP: 1/1
     8 | D:5      | Noticed a jelly
     9 | D:5      | Noticed a bullfrog
     9 | D:5      | Noticed a bombardier beetle
    22 | D:6      | Noticed an orc wizard
    50 | D:6      | Noticed an orc warrior
   284 | D:2      | Reached XP level 2. HP: 24/24 MP: 2/2
   315 | D:1      | Reached skill level 1 in Spellcasting
   729 | D:1      | Reached XP level 3. HP: 29/29 MP: 5/5
   864 | D:1      | Reached skill level 2 in Spellcasting
  1388 | D:2      | Reached XP level 4. HP: 35/35 MP: 6/8
  1710 | D:3      | Noticed Robin
  1730 | D:2      | Reached skill level 3 in Spellcasting
  2468 | D:3      | Noticed Terence
  2482 | D:3      | Killed Terence
  2589 | D:3      | Reached XP level 5. HP: 42/42 MP: 9/9
  2624 | D:3      | Reached skill level 1 in Ranged Weapons
  2708 | D:3      | Noticed Sigmund
  2746 | D:3      | Found a transporter.
  2746 | D:3      | Found a one-way gate to the infinite horrors of the Abyss.
  2746 | D:3      | Noticed knightboat's ghost (amateur MDFE)
  2750 | D:3      | Found a transporter.
  2797 | D:3      | Noticed a toenail golem
  2835 | D:3      | Learned a level 3 spell: Ozocubu's Armour
  2913 | D:3      | Killed Robin
  2966 | D:3      | Noticed a small abomination
  2990 | D:3      | Found a broken altar of Ashenzari.
  3196 | D:4      | Found a blossoming altar of Fedhas.
  3317 | D:4      | Reached XP level 6. HP: 22/48 MP: 11/11
  3490 | D:4      | Reached skill level 1 in Ice Magic
  3608 | D:4      | Reached skill level 4 in Spellcasting
  3942 | D:4      | You fall into a shaft and drop 1 floor!
  4091 | D:5      | Found an iron altar of Okawaru.
  4123 | D:5      | Noticed an ogre
  4148 | D:6      | Noticed an ice beast
  4158 | D:6      | You fall into a shaft and drop 2 floors!
  4377 | D:7      | Noticed an ice beast
  4449 | D:7      | Noticed a sky beast
  4482 | D:7      | Found a sand-covered staircase.
  4491 | Ossuary  | Entered an ossuary
  4527 | Ossuary  | Reached XP level 7. HP: 53/54 MP: 13/13
  4548 | Ossuary  | Learned a level 1 spell: Shock
  4959 | D:6      | Noticed a yak
  4960 | D:6      | Noticed a yak
  4960 | D:6      | Noticed a yak
  4961 | D:6      | Noticed a yak
  4993 | D:6      | Found a staircase to the Ecumenical Temple.
  5350 | D:5      | Reached skill level 5 in Fighting
  5618 | D:5      | You fall into a shaft and drop 2 floors!
  5804 | D:7      | Reached XP level 8. HP: 31/62 MP: 13/15
  5988 | D:7      | Reached skill level 5 in Spellcasting
  6831 | D:7      | Found a runed translucent door.
  6832 | D:7      | Noticed Crazy Yiuf
  6918 | D:6      | Reached skill level 5 in Ice Magic
  6956 | D:5      | Identified the +1 long sword of Indomitability {flame,
                  | +Blink rPois}
  7074 | D:5      | Reached XP level 9. HP: 40/69 MP: 17/17
  7551 | D:5      | Reached skill level 5 in Ranged Weapons
  7551 | D:5      | Reached skill level 6 in Spellcasting
  7703 | D:6      | Found a glowing silver altar of Zin.
  7855 | Temple   | Entered the Ecumenical Temple
  8043 | D:5      | Reached skill level 7 in Spellcasting
  8687 | D:7      | Reached skill level 8 in Spellcasting
  8764 | D:7      | Identified the +0 whip of Plog {spect, rF+ Will++}
  8809 | D:7      | Reached XP level 10. HP: 25/76 MP: 22/22
  9306 | D:8      | Reached skill level 9 in Spellcasting
  9596 | D:8      | Found a radiant altar of Vehumet.
  9614 | D:8      | Became a worshipper of Vehumet
 10332 | D:8      | Noticed Erica
 10345 | D:8      | Found a shimmering blue altar of Sif Muna.
 10346 | D:8      | Killed Erica
 10347 | D:8      | Reached skill level 10 in Spellcasting
 10347 | D:8      | Reached skill level 1 in Armour
 10347 | D:8      | Reached skill level 1 in Shields
 10613 | D:9      | Found a hazy altar of Hepliaklqana.
 10622 | D:10     | Entered Level 10 of the Dungeon
 10673 | D:9      | Noticed Amaemon
 10673 | D:9      | Noticed an orange demon
 10718 | D:10     | Found a shadowy altar of Dithmenos.
 10800 | D:10     | Reached skill level 1 in Conjurations
 10826 | D:10     | Found a snail-covered altar of Cheibriados.
 10915 | D:10     | Reached skill level 1 in Air Magic
 10940 | D:10     | Noticed a cyclops
 11010 | D:10     | Learned a level 4 spell: Sticky Flame
 11012 | D:10     | Found a burning altar of Makhleb.
 11166 | D:10     | Reached skill level 1 in Alchemy
 11200 | D:9      | Reached skill level 1 in Fire Magic
 12059 | D:9      | You fall into a shaft and drop 1 floor!
 12552 | D:9      | Reached XP level 11. HP: 70/81 MP: 25/25
 12625 | D:9      | Slain by a troll

Illustrated notes

Levels and vault maps discovered:
D:1:      onia_arrival_mini_spirals, layout_loops_ring
D:2:      layout_loops_ring, st_stairs_13
D:3:      layout_rooms, old_standard_altar, gammafunk_ghost_abyssal_escape,
          uniq_sigmund, uniq_robin, uniq_terence
D:4:      layout_loops_ring, fedhas_altar_4, guppyfry_early_lair_pool
D:5:      layout_rooms, lemuel_doored_altar, gup_sewer_entry_bowl
D:6:      layout_rooms, lemuel_round_altar, minmay_temple_entry_gardened_gates
D:7:      layout_loops_corners, enter_ossuary_1, minmay_circle_x,
          uniq_crazy_yiuf_cottage
D:8:      layout_loops_cross, vehumet_statue, led_sif_pool, uniq_erica
D:9:      layout_stronghold, mainiacjoe_overflow_surrounded_room, uniq_amaemon
D:10:     layout_roguey, grunt_dithmenos_smoke_and_mirrors,
          chequers_temple_overflow_statue_of_worship
D:11:     layout_loops_cross, dpeg_lair_monsters,
          nicolae_elevator_lobby_asterisk
Temple:   nicolae_temple_x_marks_the_god

Skill      XL: |  1  2  3  4  5  6  7  8  9 10 |
---------------+-------------------------------+-----
Spellcasting   | 1 2 3 4 5 8 10 | 10.0
Ranged Weapons | 1 2 3 4 6 |  6.0
Fighting       | 4 5 6 |  6.0
Ice Magic      | 1 3 5 6 |  6.0
Armour         | 1 |  1.6
Dodging        | 2 |  2.5
Shields        | 1 |  1.9
Conjurations   | 1 |  1.2
Air Magic      | 1 |  1.1
Alchemy        | 4 |  4.8
Fire Magic     | 3 |  3.6
Maces & Flails | |  2.1
Stealth        | |  6.1

Action                     |  1- 3 |  4- 6 |  7- 9 | 10-12 || total
---------------------------+-------+-------+-------+-------++-------
  Melee: Mace              |    51 |       |       |       ||    51
         Dagger            |    65 |   134 |   213 |   125 ||   537
         Spear             |       |       |     3 |       ||     3
         Flail             |       |       |    12 |     2 ||    14
         Whip              |       |       |       |     9 ||     9
         Long sword        |       |       |       |     2 ||     2
   Fire: Sling             |       |    64 |    83 |       ||   147
         Shortbow          |       |       |    14 |       ||    14
         Orcbow            |       |       |    60 |    86 ||   146
   Cast: Ozocubu's Armour  |       |       |       |     2 ||     2
Ability: Shaft Self        |       |     2 |     1 |     1 ||     4
         Dig               |       |     1 |     1 |     2 ||     4
  Evoke: Wand              |     2 |       |       |       ||     2
    Use: Scroll            |       |     3 |    10 |     1 ||    14
         Potion            |       |       |     1 |     2 ||     3
   Stab: Sleeping          |     8 |     1 |       |       ||     9
         Distracted        |       |     1 |       |     1 ||     2
 Armour: Leather armour    |    71 |   150 |   215 |   166 ||   602
  Dodge: Dodged            |    88 |   124 |   231 |   136 ||   579

Table legend: (Time is in decaauts)
 A = Elapsed time spent in this place.
 B = Non-inter-level travel time spent in this place.
 C = Inter-level travel time spent in this place.
 D = Time resting spent in this place.
 E = Time spent auto-exploring this place.
 F = Levels seen in this place.
 G = Mean time per level.
                   A        B        C        D        E       F      G
               +--------+--------+--------+--------+--------+-----+--------+
         Total |  12799 |  12223 |    576 |   3680 |   4430 |  13 |  984.5 |
       Dungeon |  12282 |  11706 |    576 |   3512 |   4362 |  11 | 1116.5 |
        Temple |    150 |    150 |      0 |    148 |      0 |   1 |  150.0 |
       Ossuary |    366 |    366 |      0 |     20 |     68 |   1 |  366.0 |
               +--------+--------+--------+--------+--------+-----+--------+

Top non-repeatable levels by time:
     D:7: 2025 daAuts
     D:8: 1685 daAuts
     D:5: 1502 daAuts
     D:2: 1391 daAuts
     D:4: 1296 daAuts
     D:9: 1146 daAuts
    D:10: 904 daAuts
     D:1: 863 daAuts
     D:3: 802 daAuts
     D:6: 632 daAuts
 Ossuary: 366 daAuts
  Temple: 150 daAuts
    D:11: 32 daAuts
